Laval Squanderers vs Toronto St Pats
Created - Saturday, May 20, 2023 at 07:26
Goals
|
| Laval Squanderers |
2 |
3 |
1 |
0 |
1 |
6 |
| Toronto St Pats |
1 |
4 |
1 |
0 |
2 |
7 |
|
Shots
|
| Laval Squanderers |
6 |
16 |
14 |
2 |
3 |
38 |
| Toronto St Pats |
12 |
16 |
6 |
3 |
2 |
37 |
|
1st period
1. Laval Squanderers , Mark Kastelic 27 (Oliver Wahlstrom 49) at 10:57
2. Laval Squanderers , Martin Kaut 20 (Graeme Clarke 18) at 12:57 (PP)
3. Toronto St Pats , Rudolfs Balcers 33 (Lucas Carlsson 16, Jesse Puljujarvi 46) at 14:58 (PP)
Penalties :
Austin Watson (TSP) for Holding (Minor) at 6:15, Connor Dewar (TSP) for Roughing (Minor) at 12:53, Oliver Wahlstrom (LSQ) for Roughing (Minor) at 13:06, Oliver Wahlstrom (LSQ) for Tripping (Minor) at 16:14
2nd period
4. Laval Squanderers , Simon Holmstrom 12 (Braden Schneider 27, Martin Kaut 24) at 1:50
5. Toronto St Pats , Brad Malone 12 (Rudolfs Balcers 35, Glenn Gawdin 21) at 3:10
6. Laval Squanderers , Mackenzie MacEachern 23 (Oliver Wahlstrom 50, Mark Kastelic 40) at 4:14
7. Toronto St Pats , Glenn Gawdin 10 (Dylan Samberg 24, Lassi Thomson 30) at 5:30
8. Toronto St Pats , Quinton Byfield 21 (Dylan Samberg 25, Jesse Puljujarvi 47) at 10:49
9. Laval Squanderers , Justin Barron 3 (Simon Holmstrom 26, Graeme Clarke 19) at 13:44 (PP)
10. Toronto St Pats , Ivan Lodnia 9 (Lucas Carlsson 17, Luke Henman 5) at 16:00
Penalties :
Nikita Okhotyuk (TSP) for Tripping (Minor) at 7:25, Scott Perunovich (TSP) for Interference (Minor) at 13:27, Glenn Gawdin (TSP) for Hooking (Minor) at 17:23
3rd period
11. Laval Squanderers , Brayden Tracey 11 (Martin Kaut 25, Mark Kastelic 41) at 3:40
12. Toronto St Pats , Glenn Gawdin 11 (Rudolfs Balcers 36) at 14:00
Penalties :
Dylan Samberg (TSP) for Fighting (Major) at 0:22, Simon Holmstrom (LSQ) for Fighting (Major) at 0:22, Rudolfs Balcers (TSP) for Elbowing (Minor) at 0:46
Overtime #1
No Goal
Penalties :
No Penalty
Shootout
Laval Squanderers, Oliver Wahlstrom - Goal!
Toronto St Pats, Quinton Byfield - Goal!
Laval Squanderers, Mark Kastelic - Stopped by Jakub Skarek
Toronto St Pats, Glenn Gawdin - Goal!
Laval Squanderers, Martin Kaut - Stopped by Jakub Skarek
Penalties :
No Penalty
Goalie Stats
Mads Sogaard (LSQ), 31 saves from 37 shots - (0.838), OTL, 15-15-5, 65:00 minutes
Jakub Skarek (TSP), 32 saves from 38 shots - (0.842), W, 8-9-3, 65:00 minutes
Players Stats for Laval Squanderers
Player Name G A P +/- PIM S H SB GA TA FO MP PP MP PK MP
------------------------------------------------------------------------------------
Alex Green 0 0 0 0 0 0 1 1 0 1 0/0 14:07 0:00 0:00
Braden Schneider 0 1 1 -1 0 3 3 1 0 1 0/0 26:27 4:41 1:58
Brayden Tracey 1 0 1 1 0 1 0 0 0 0 1/1 6:18 2:10 0:00
Danila Klimovich 0 0 0 -1 0 1 0 1 0 1 3/11 13:20 0:12 0:00
Graeme Clarke 0 2 2 0 0 1 1 1 1 1 14/20 18:58 3:39 0:28
Joey Keane 0 0 0 0 0 0 0 0 0 1 0/0 6:18 0:00 0:00
Justin Barron 1 0 1 0 0 3 4 0 1 0 0/0 24:26 3:36 1:53
Kaedan Korczak 0 0 0 0 0 0 1 0 0 0 0/0 14:07 0:00 0:00
Kyle Burroughs 0 0 0 -1 0 2 2 3 0 1 0/0 26:27 4:41 1:58
Lukas Reichel 0 0 0 -1 0 4 1 3 1 0 2/4 15:42 0:17 1:29
Mackenzie MacEachern 1 0 1 0 0 4 2 0 0 1 1/2 19:19 3:13 1:54
Mark Kastelic 1 2 3 0 0 4 1 0 0 0 15/21 19:21 3:12 1:57
Martin Kaut 1 2 3 0 0 3 1 0 2 0 2/4 22:02 3:39 1:54
Mike Hardman 0 0 0 0 0 2 0 0 1 0 0/0 8:17 1:11 0:00
Nils Lundkvist 0 0 0 0 0 1 0 0 1 1 0/0 24:26 3:36 1:53
Oliver Wahlstrom 0 2 2 0 4 8 3 1 0 0 1/4 23:05 3:18 0:00
Reese Johnson 0 0 0 -1 0 0 5 1 0 0 1/1 17:06 1:20 0:00
Simon Holmstrom 1 1 2 -1 5 1 2 0 0 1 0/0 16:20 2:40 0:00
Players Stats for Toronto St Pats
Player Name G A P +/- PIM S H SB GA TA FO MP PP MP PK MP
------------------------------------------------------------------------------------
Antonio Stranges 0 0 0 1 0 0 0 0 0 0 0/1 8:13 0:00 0:52
Austin Watson 0 0 0 -2 2 2 2 1 0 0 0/2 22:15 2:05 2:54
Brad Malone 1 0 1 3 0 4 3 0 0 1 0/2 16:33 0:00 3:30
Connor Dewar 0 0 0 -1 2 1 0 0 1 0 1/1 10:59 0:00 0:00
Dylan Samberg 0 2 2 1 5 3 4 2 0 2 0/0 25:46 2:22 4:26
Glenn Gawdin 2 1 3 3 2 2 3 0 0 0 7/10 16:30 2:05 1:57
Ivan Lodnia 1 0 1 1 0 2 2 0 0 0 0/0 8:38 0:00 0:00
Jake Leschyshyn 0 0 0 -1 0 0 1 1 1 0 3/13 16:33 0:00 3:44
Jesse Puljujarvi 0 2 2 -2 0 3 1 0 2 1 2/3 18:53 1:46 0:00
Lassi Thomson 0 1 1 1 0 3 1 2 0 0 0/0 28:26 2:22 5:44
Liam Foudy 0 0 0 -1 0 1 0 1 1 1 0/1 16:06 2:05 0:29
Lucas Carlsson 0 2 2 2 0 2 1 1 0 0 0/0 18:39 1:29 2:33
Luke Henman 0 1 1 1 0 1 0 0 0 0 1/4 8:38 0:00 0:00
Nikita Okhotyuk 0 0 0 2 2 0 0 1 1 0 0/0 13:50 0:00 0:00
Pierre-Olivier Joseph 0 0 0 -2 0 0 1 1 0 1 0/0 22:03 0:00 2:33
Quinton Byfield 1 0 1 -2 0 2 0 1 1 0 13/29 19:25 1:46 0:28
Rudolfs Balcers 1 2 3 3 2 8 3 1 2 0 1/2 18:07 1:46 2:40
Scott Perunovich 0 0 0 -2 2 3 0 0 0 1 0/0 22:02 1:29 1:18
3 Stars
1 - Glenn Gawdin (TSP)
2 - Rudolfs Balcers (TSP)
3 - Brad Malone (TSP)
Power Play
Laval Squanderers - 2 on 6 Attempt(s) - 33.33%
Toronto St Pats - 1 on 2 Attempt(s) - 50.00%
Penalty Kill
Laval Squanderers - 1 on 2 Attempt(s) - 50.00%
- Score 0 goal in Penalty Kill
Toronto St Pats - 4 on 6 Attempt(s) - 66.67%
- Score 0 goal in Penalty Kill
Team Stat
Laval Squanderers - Hits : 27 - Faceoff Wins : 40 - Blocked Shots : 12 - Penalty Minutes : 9
Toronto St Pats - Hits : 22 - Faceoff Wins : 28 - Blocked Shots : 12 - Penalty Minutes : 17
Official
Referees : Greg Kimmerly and Kelly Sutherland
Linesman : Don Henderson and Scott Driscoll
Game Notes
Dylan Samberg and Simon Holmstrom fight to a draw at 0:22 of 3rd period
Laval Squanderers
5 vs 5 Forward
Center Left Wing Right Wing Time % Phy DF OF
1 Mark Kastelic Mackenzie MacEachern Oliver Wahlstrom 30 1 2 2
2 Graeme Clarke Simon Holmstrom Martin Kaut 30 1 2 2
3 Danila Klimovich Lukas Reichel Reese Johnson 25 1 2 2
4 Oliver Wahlstrom Mike Hardman Joey Keane 15 1 2 2
5 vs 5 Defense
Defense Defense Time % Phy DF OF
1 Kyle Burroughs Braden Schneider 35 1 2 2
2 Nils Lundkvist Justin Barron 35 1 2 2
3 Alex Green Kaedan Korczak 30 1 2 2
4 Kyle Burroughs Braden Schneider 0 1 2 2
PowerPlay Forward
Center Left Wing Right Wing Time % Phy DF OF
1 Mark Kastelic Mackenzie MacEachern Oliver Wahlstrom 50 1 2 2
2 Graeme Clarke Simon Holmstrom Martin Kaut 50 1 2 2
PowerPlay Defense
Defense Defense Time % Phy DF OF
1 Kyle Burroughs Braden Schneider 50 1 2 2
2 Nils Lundkvist Justin Barron 50 1 2 2
Penalty Kill 4 Players Forward
Center Wing Time % Phy DF OF
1 Oliver Wahlstrom Mark Kastelic 50 1 2 2
2 Martin Kaut Mackenzie MacEachern 50 1 2 2
Penalty Kill 4 Players Defense
Defense Defense Time % Phy DF OF
1 Kyle Burroughs Braden Schneider 50 1 2 2
2 Nils Lundkvist Justin Barron 50 1 2 2
Penalty Kill - 3 Players Forward
Forward Time % Phy DF OF
1 Oliver Wahlstrom 50 1 2 2
2 Mark Kastelic 50 1 2 2
Penalty Kill - 3 Players Defense
Defense Defense Time % Phy DF OF
1 Kyle Burroughs Braden Schneider 50 1 2 2
2 Nils Lundkvist Justin Barron 50 1 2 2
4 vs 4 Forward
Center Wing Time % Phy DF OF
1 Oliver Wahlstrom Mark Kastelic 50 1 2 2
2 Martin Kaut Mackenzie MacEachern 50 1 2 2
4 vs 4 Defense
Defense Defense Time % Phy DF OF
1 Kyle Burroughs Braden Schneider 50 1 2 2
2 Nils Lundkvist Justin Barron 50 1 2 2
Last Minutes Offensive
Center Left Wing Right Wing Defense Defense
Mark Kastelic Mackenzie MacEachern Oliver Wahlstrom Kyle Burroughs Braden Schneider
Last Minutes Defensive
Center Left Wing Right Wing Defense Defense
Mark Kastelic Mackenzie MacEachern Oliver Wahlstrom Kyle Burroughs Braden Schneider
Goaltenders
Starting : Mads Sogaard
Backup : Dylan Garand
Extra Forwards
Normal : Brayden Tracey, Reese Johnson, Lukas Reichel - PP : Brayden Tracey, Reese Johnson - PK : Lukas Reichel
Extra Defensemen
Normal : Alex Green, Kaedan Korczak, Joey Keane - PP : Alex Green - PK : Kaedan Korczak, Joey Keane
Penalty Shots
Oliver Wahlstrom, Mark Kastelic, Martin Kaut, Mackenzie MacEachern, Reese Johnson
Toronto St Pats
5 vs 5 Forward
Center Left Wing Right Wing Time % Phy DF OF
1 Quinton Byfield Austin Watson Jesse Puljujarvi 40 1 2 2
2 Glenn Gawdin Brad Malone Rudolfs Balcers 30 1 2 2
3 Jake Leschyshyn Connor Dewar Liam Foudy 20 1 2 2
4 Luke Henman Antonio Stranges Ivan Lodnia 10 1 2 2
5 vs 5 Defense
Defense Defense Time % Phy DF OF
1 Dylan Samberg Lassi Thomson 40 1 2 2
2 Pierre-Olivier Joseph Scott Perunovich 30 1 2 2
3 Lucas Carlsson Nikita Okhotyuk 20 1 2 2
4 Pierre-Olivier Joseph Scott Perunovich 10 1 2 2
PowerPlay Forward
Center Left Wing Right Wing Time % Phy DF OF
1 Quinton Byfield Rudolfs Balcers Jesse Puljujarvi 60 1 2 2
2 Glenn Gawdin Austin Watson Liam Foudy 40 1 2 2
PowerPlay Defense
Defense Defense Time % Phy DF OF
1 Dylan Samberg Lassi Thomson 60 1 2 2
2 Scott Perunovich Lucas Carlsson 40 1 2 2
Penalty Kill 4 Players Forward
Center Wing Time % Phy DF OF
1 Jake Leschyshyn Austin Watson 60 1 2 2
2 Glenn Gawdin Rudolfs Balcers 40 1 2 2
Penalty Kill 4 Players Defense
Defense Defense Time % Phy DF OF
1 Dylan Samberg Lassi Thomson 60 1 2 2
2 Lucas Carlsson Pierre-Olivier Joseph 40 1 2 2
Penalty Kill - 3 Players Forward
Forward Time % Phy DF OF
1 Jake Leschyshyn 60 1 2 2
2 Glenn Gawdin 40 1 2 2
Penalty Kill - 3 Players Defense
Defense Defense Time % Phy DF OF
1 Dylan Samberg Lassi Thomson 60 1 2 2
2 Lucas Carlsson Pierre-Olivier Joseph 40 1 2 2
4 vs 4 Forward
Center Wing Time % Phy DF OF
1 Jake Leschyshyn Liam Foudy 60 1 2 2
2 Glenn Gawdin Rudolfs Balcers 40 1 2 2
4 vs 4 Defense
Defense Defense Time % Phy DF OF
1 Pierre-Olivier Joseph Scott Perunovich 60 1 2 2
2 Lucas Carlsson Nikita Okhotyuk 40 1 2 2
Last Minutes Offensive
Center Left Wing Right Wing Defense Defense
Quinton Byfield Rudolfs Balcers Jesse Puljujarvi Dylan Samberg Lassi Thomson
Last Minutes Defensive
Center Left Wing Right Wing Defense Defense
Glenn Gawdin Austin Watson Rudolfs Balcers Dylan Samberg Lassi Thomson
Goaltenders
Starting : Jakub Skarek
Backup : Jonathan Bernier
Extra Forwards
Normal : Liam Foudy, Ivan Lodnia, Luke Henman - PP : Brad Malone, Connor Dewar - PK : Brad Malone
Extra Defensemen
Normal : Lucas Carlsson, Nikita Okhotyuk, Scott Perunovich - PP : Pierre-Olivier Joseph - PK : Scott Perunovich, Nikita Okhotyuk
Penalty Shots
Quinton Byfield, Glenn Gawdin, Liam Foudy, Austin Watson, Pierre-Olivier Joseph
% Time on Ice - Laval Squanderers
Lines # - Real PCT - Wanted PCT - Time Play
Normal Forward
1 - 28% - 30% - 13:15
2 - 32% - 30% - 15:11
3 - 27% - 25% - 13:08
4 - 13% - 15% - 6:18
Normal Defense
1 - 37% - 35% - 17:32
2 - 35% - 35% - 16:46
3 - 28% - 30% - 13:34
4 - 0% - 0% - 0:00
PP Forward
1 - 54% - 50% - 4:27
2 - 46% - 50% - 3:50
PP Defense
1 - 57% - 50% - 4:41
2 - 43% - 50% - 3:36
PK Forward
1 - 51% - 50% - 1:57
2 - 49% - 50% - 1:54
PK Defense
1 - 51% - 50% - 1:58
2 - 49% - 50% - 1:53
PK3 Forward
1 - 0% - 50%
2 - 0% - 50%
PK3 Defense
1 - 0% - 50%
2 - 0% - 50%
44 Forward
1 - 65% - 50% - 3:15
2 - 35% - 50% - 1:45
44 Defense
1 - 50% - 50% - 2:30
2 - 50% - 50% - 2:30
Last Minute Offensive - 0:00
Last Minute Defensive - 0:00
Total
Forward - 65:00
Defense - 65:00
|
% Time on Ice - Toronto St Pats
Lines # - Real PCT - Wanted PCT - Time Play
Normal Forward
1 - 36% - 40% - 17:23
2 - 25% - 30% - 12:09
3 - 23% - 20% - 11:00
4 - 15% - 10% - 7:20
Normal Defense
1 - 42% - 40% - 20:08
2 - 30% - 30% - 14:19
3 - 23% - 20% - 10:49
4 - 5% - 10% - 2:36
PP Forward
1 - 46% - 60% - 1:46
2 - 54% - 40% - 2:05
PP Defense
1 - 61% - 60% - 2:22
2 - 39% - 40% - 1:29
PK Forward
1 - 69% - 60% - 5:44
2 - 31% - 40% - 2:33
PK Defense
1 - 69% - 60% - 5:44
2 - 31% - 40% - 2:33
PK3 Forward
1 - 0% - 60%
2 - 0% - 40%
PK3 Defense
1 - 0% - 60%
2 - 0% - 40%
44 Forward
1 - 94% - 60% - 4:43
2 - 6% - 40% - 0:17
44 Defense
1 - 52% - 60% - 2:35
2 - 48% - 40% - 2:25
Last Minute Offensive - 0:00
Last Minute Defensive - 0:00
Total
Forward - 65:00
Defense - 65:00
|
Play-by-Play
1st period
0:01 of 1st period - Quinton Byfield wins face-off versus Mark Kastelic in neutral zone.
0:08 of 1st period - Snap shot by Quinton Byfield.
0:08 of 1st period - Shot Misses the Net.
0:10 of 1st period - Backhand shot by Dylan Samberg.
0:10 of 1st period - Shot Misses the Net.
1:14 of 1st period - Slapshot by Scott Perunovich.
1:14 of 1st period - Deflect By Nils Lundkvist.
1:14 of 1st period - Stopped by Mads Sogaard with a rebound.
1:28 of 1st period - Icing by Scott Perunovich.
1:29 of 1st period - Quinton Byfield wins face-off versus Graeme Clarke in Toronto St Pats zone.
1:56 of 1st period - Rudolfs Balcers is hit by Kaedan Korczak and loses puck.
2:53 of 1st period - Dylan Samberg is hit by Justin Barron and loses puck.
3:28 of 1st period - Wrist shot by Mike Hardman.
3:28 of 1st period - Shot Blocked by Rudolfs Balcers.
4:03 of 1st period - Jake Leschyshyn is hit by Martin Kaut and loses puck.
4:26 of 1st period - Snap shot by Martin Kaut.
4:26 of 1st period - Shot Blocked by Pierre-Olivier Joseph.
4:54 of 1st period - Jake Leschyshyn is hit by Simon Holmstrom and loses puck.
5:58 of 1st period - Wrist shot by Jake Leschyshyn.
5:58 of 1st period - Shot Blocked by Graeme Clarke.
6:00 of 1st period - Slapshot by Lucas Carlsson.
6:00 of 1st period - Shot Misses the Net.
6:02 of 1st period - Slapshot by Dylan Samberg.
6:02 of 1st period - Stopped by Mads Sogaard without a rebound.
6:03 of 1st period - Quinton Byfield wins face-off versus Mackenzie MacEachern in Laval Squanderers zone.
6:15 of 1st period - Minor Penalty to Austin Watson for Holding.
6:16 of 1st period - Mark Kastelic wins face-off versus Glenn Gawdin in Toronto St Pats zone.
7:32 of 1st period - Off-side.
7:33 of 1st period - Mark Kastelic wins face-off versus Quinton Byfield in neutral zone.
7:36 of 1st period - Quinton Byfield is hit by Mackenzie MacEachern and loses puck.
8:15 of 1st period - Penalty to Austin Watson is over, Austin Watson is back on ice.
8:15 of 1st period - Snap shot by Mike Hardman.
8:15 of 1st period - Stopped by Jakub Skarek without a rebound.
8:16 of 1st period - Reese Johnson wins face-off versus Quinton Byfield in Toronto St Pats zone.
8:17 of 1st period - Wrist shot by Lukas Reichel.
8:17 of 1st period - Shot Blocked by Quinton Byfield.
8:49 of 1st period - Snap shot by Rudolfs Balcers.
8:49 of 1st period - Stopped by Mads Sogaard with a rebound.
9:03 of 1st period - Snap shot by Jesse Puljujarvi.
9:03 of 1st period - Stopped by Mads Sogaard without a rebound.
9:04 of 1st period - Quinton Byfield wins face-off versus Danila Klimovich in Laval Squanderers zone.
9:17 of 1st period - Snap shot by Lukas Reichel.
9:17 of 1st period - Deflect By Reese Johnson.
9:17 of 1st period - Shot Misses the Net.
9:17 of 1st period - Puck is out of play.
9:18 of 1st period - Mark Kastelic wins face-off versus Brad Malone in Toronto St Pats zone.
9:19 of 1st period - Snap shot by Oliver Wahlstrom.
9:19 of 1st period - Stopped by Jakub Skarek with a rebound.
9:45 of 1st period - Austin Watson is hit by Reese Johnson and loses puck.
10:19 of 1st period - Martin Kaut is hit by Lucas Carlsson.
10:37 of 1st period - Backhand shot by Lassi Thomson.
10:37 of 1st period - Deflect By Lukas Reichel.
10:37 of 1st period - Stopped by Mads Sogaard with a rebound.
10:47 of 1st period - Slapshot by Lassi Thomson.
10:47 of 1st period - Stopped by Mads Sogaard with a rebound.
10:49 of 1st period - Snap shot by Lassi Thomson.
10:49 of 1st period - Deflect By Luke Henman.
10:49 of 1st period - Shot Misses the Net.
10:49 of 1st period - Puck is out of play.
10:50 of 1st period - Mark Kastelic wins face-off versus Quinton Byfield in Laval Squanderers zone.
10:55 of 1st period - Slapshot by Oliver Wahlstrom.
10:55 of 1st period - Shot Misses the Net.
10:57 of 1st period - Snap shot by Mark Kastelic.
10:57 of 1st period - Goal by Mark Kastelic - Laval Squanderers : 1 - Toronto St Pats : 0.
10:58 of 1st period - Mark Kastelic wins face-off versus Quinton Byfield in neutral zone.
11:01 of 1st period - Slapshot by Oliver Wahlstrom.
11:01 of 1st period - Stopped by Jakub Skarek without a rebound.
11:02 of 1st period - Mark Kastelic wins face-off versus Quinton Byfield in Toronto St Pats zone.
11:44 of 1st period - Icing by Braden Schneider.
11:45 of 1st period - Martin Kaut wins face-off versus Luke Henman in Laval Squanderers zone.
12:00 of 1st period - Wrist shot by Luke Henman.
12:00 of 1st period - Shot Misses the Net.
12:16 of 1st period - Mark Kastelic is hit by Pierre-Olivier Joseph and loses puck.
12:39 of 1st period - Wrist shot by Brad Malone.
12:39 of 1st period - Stopped by Mads Sogaard with a rebound.
12:53 of 1st period - Minor Penalty to Connor Dewar for Roughing.
12:54 of 1st period - Graeme Clarke wins face-off versus Jake Leschyshyn in Toronto St Pats zone.
12:57 of 1st period - Wrist shot by Martin Kaut.
12:57 of 1st period - Goal by Martin Kaut - Laval Squanderers : 2 - Toronto St Pats : 0.
12:58 of 1st period - Quinton Byfield wins face-off versus Mark Kastelic in neutral zone.
13:06 of 1st period - Minor Penalty to Oliver Wahlstrom for Roughing.
13:07 of 1st period - Lukas Reichel wins face-off versus Quinton Byfield in Laval Squanderers zone.
13:58 of 1st period - Slapshot by Dylan Samberg.
13:58 of 1st period - Deflect By Jesse Puljujarvi.
13:58 of 1st period - Shot Misses the Net.
13:58 of 1st period - Puck is out of play.
13:59 of 1st period - Jesse Puljujarvi wins face-off versus Martin Kaut in Laval Squanderers zone.
14:02 of 1st period - Snap shot by Rudolfs Balcers.
14:02 of 1st period - Stopped by Mads Sogaard without a rebound.
14:03 of 1st period - Rudolfs Balcers wins face-off versus Lukas Reichel in Laval Squanderers zone.
14:12 of 1st period - Lucas Carlsson is hit by Justin Barron and loses puck.
14:56 of 1st period - Wrist shot by Rudolfs Balcers.
14:56 of 1st period - Stopped by Mads Sogaard with a rebound.
14:58 of 1st period - Slapshot by Lucas Carlsson.
14:58 of 1st period - Deflect By Rudolfs Balcers.
14:58 of 1st period - Goal by Rudolfs Balcers - Laval Squanderers : 2 - Toronto St Pats : 1.
14:59 of 1st period - Mark Kastelic wins face-off versus Jake Leschyshyn in neutral zone.
15:24 of 1st period - Lassi Thomson is hit by Simon Holmstrom and loses puck.
15:57 of 1st period - Wrist shot by Rudolfs Balcers.
15:57 of 1st period - Stopped by Mads Sogaard with a rebound.
16:14 of 1st period - Minor Penalty to Oliver Wahlstrom for Tripping.
16:15 of 1st period - Lukas Reichel wins face-off versus Quinton Byfield in Laval Squanderers zone.
16:25 of 1st period - Rudolfs Balcers is hit by Mackenzie MacEachern.
16:43 of 1st period - Wrist shot by Lukas Reichel.
16:43 of 1st period - Deflect By Mark Kastelic.
16:43 of 1st period - Shot Blocked by Liam Foudy.
16:43 of 1st period - Puck is out of play.
16:44 of 1st period - Glenn Gawdin wins face-off versus Lukas Reichel in Toronto St Pats zone.
16:55 of 1st period - Nils Lundkvist is hit by Austin Watson.
17:09 of 1st period - Wrist shot by Martin Kaut.
17:09 of 1st period - Stopped by Jakub Skarek with a rebound.
18:14 of 1st period - Penalty to Oliver Wahlstrom is over, Oliver Wahlstrom is back on ice.
18:47 of 1st period - Slapshot by Dylan Samberg.
18:47 of 1st period - Stopped by Mads Sogaard with a rebound.
18:52 of 1st period - Icing by Danila Klimovich.
18:53 of 1st period - Luke Henman wins face-off versus Danila Klimovich in Laval Squanderers zone.
19:00 of 1st period - Snap shot by Scott Perunovich.
19:00 of 1st period - Shot Blocked by Lukas Reichel.
Goals for this period are 2 for Laval Squanderers vs 1 for Toronto St Pats.
Shots for this period are 6 for Laval Squanderers vs 12 for Toronto St Pats.
2nd period
0:01 of 2nd period - Quinton Byfield wins face-off versus Mark Kastelic in neutral zone.
0:52 of 2nd period - Oliver Wahlstrom is hit by Glenn Gawdin and loses puck.
1:06 of 2nd period - Off-side.
1:07 of 2nd period - Graeme Clarke wins face-off versus Quinton Byfield in neutral zone.
1:23 of 2nd period - Martin Kaut is hit by Jesse Puljujarvi and loses puck.
1:44 of 2nd period - Snap shot by Martin Kaut.
1:44 of 2nd period - Shot Blocked by Dylan Samberg.
1:46 of 2nd period - Slapshot by Braden Schneider.
1:46 of 2nd period - Stopped by Jakub Skarek with a rebound.
1:48 of 2nd period - Slapshot by Braden Schneider.
1:48 of 2nd period - Shot Misses the Net.
1:50 of 2nd period - Slapshot by Simon Holmstrom.
1:50 of 2nd period - Goal by Simon Holmstrom - Laval Squanderers : 3 - Toronto St Pats : 1.
1:51 of 2nd period - Jesse Puljujarvi wins face-off versus Danila Klimovich in neutral zone.
2:07 of 2nd period - Wrist shot by Jesse Puljujarvi.
2:07 of 2nd period - Shot Misses the Net.
2:17 of 2nd period - Brad Malone is hit by Oliver Wahlstrom and loses puck.
2:53 of 2nd period - Snap shot by Glenn Gawdin.
2:53 of 2nd period - Shot Misses the Net.
3:01 of 2nd period - Martin Kaut is hit by Brad Malone and loses puck.
3:08 of 2nd period - Snap shot by Rudolfs Balcers.
3:08 of 2nd period - Shot Blocked by Kyle Burroughs.
3:10 of 2nd period - Wrist shot by Brad Malone.
3:10 of 2nd period - Goal by Brad Malone - Laval Squanderers : 3 - Toronto St Pats : 2.
3:11 of 2nd period - Quinton Byfield wins face-off versus Oliver Wahlstrom in neutral zone.
3:20 of 2nd period - Austin Watson is hit by Oliver Wahlstrom and loses puck.
3:37 of 2nd period - Justin Barron is hit by Dylan Samberg and loses puck.
4:02 of 2nd period - Snap shot by Oliver Wahlstrom.
4:02 of 2nd period - Stopped by Jakub Skarek without a rebound.
4:03 of 2nd period - Mark Kastelic wins face-off versus Luke Henman in Toronto St Pats zone.
4:04 of 2nd period - Wrist shot by Oliver Wahlstrom.
4:04 of 2nd period - Stopped by Jakub Skarek with a rebound.
4:06 of 2nd period - Slapshot by Oliver Wahlstrom.
4:06 of 2nd period - Stopped by Jakub Skarek with a rebound.
4:08 of 2nd period - Snap shot by Oliver Wahlstrom.
4:08 of 2nd period - Stopped by Jakub Skarek without a rebound.
4:09 of 2nd period - Mark Kastelic wins face-off versus Quinton Byfield in Toronto St Pats zone.
4:14 of 2nd period - Slapshot by Mackenzie MacEachern.
4:14 of 2nd period - Goal by Mackenzie MacEachern - Laval Squanderers : 4 - Toronto St Pats : 2.
4:15 of 2nd period - Mark Kastelic wins face-off versus Austin Watson in neutral zone.
4:20 of 2nd period - Icing by Dylan Samberg.
4:21 of 2nd period - Quinton Byfield wins face-off versus Mark Kastelic in Toronto St Pats zone.
4:21 of 2nd period - Quinton Byfield is hit by Justin Barron.
4:34 of 2nd period - Off-side.
4:35 of 2nd period - Oliver Wahlstrom wins face-off versus Quinton Byfield in neutral zone.
5:00 of 2nd period - Justin Barron is hit by Glenn Gawdin and loses puck.
5:05 of 2nd period - Snap shot by Rudolfs Balcers.
5:05 of 2nd period - Stopped by Mads Sogaard without a rebound.
5:06 of 2nd period - Glenn Gawdin wins face-off versus Danila Klimovich in Laval Squanderers zone.
5:24 of 2nd period - Snap shot by Brad Malone.
5:24 of 2nd period - Stopped by Mads Sogaard with a rebound.
5:26 of 2nd period - Slapshot by Lassi Thomson.
5:26 of 2nd period - Stopped by Mads Sogaard with a rebound.
5:28 of 2nd period - Slapshot by Dylan Samberg.
5:28 of 2nd period - Shot Misses the Net.
5:30 of 2nd period - Snap shot by Glenn Gawdin.
5:30 of 2nd period - Goal by Glenn Gawdin - Laval Squanderers : 4 - Toronto St Pats : 3.
5:31 of 2nd period - Quinton Byfield wins face-off versus Mark Kastelic in neutral zone.
6:04 of 2nd period - Wrist shot by Oliver Wahlstrom.
6:04 of 2nd period - Stopped by Jakub Skarek with a rebound.
6:53 of 2nd period - Quinton Byfield is hit by Oliver Wahlstrom.
7:16 of 2nd period - Wrist shot by Mackenzie MacEachern.
7:16 of 2nd period - Stopped by Jakub Skarek with a rebound.
7:25 of 2nd period - Minor Penalty to Nikita Okhotyuk for Tripping.
7:26 of 2nd period - Glenn Gawdin wins face-off versus Graeme Clarke in Toronto St Pats zone.
7:30 of 2nd period - Dylan Samberg is hit by Graeme Clarke and loses puck.
8:09 of 2nd period - Icing by Simon Holmstrom.
8:10 of 2nd period - Graeme Clarke wins face-off versus Jake Leschyshyn in Laval Squanderers zone.
8:27 of 2nd period - Wrist shot by Reese Johnson.
8:27 of 2nd period - Deflect By Dylan Samberg.
8:27 of 2nd period - Shot Misses the Net.
8:27 of 2nd period - Puck is out of play.
8:28 of 2nd period - Graeme Clarke wins face-off versus Jake Leschyshyn in Toronto St Pats zone.
9:25 of 2nd period - Penalty to Nikita Okhotyuk is over, Nikita Okhotyuk is back on ice.
9:38 of 2nd period - Nils Lundkvist is hit by Rudolfs Balcers and loses puck.
10:11 of 2nd period - Snap shot by Lukas Reichel.
10:11 of 2nd period - Stopped by Jakub Skarek with a rebound.
10:13 of 2nd period - Slapshot by Justin Barron.
10:13 of 2nd period - Stopped by Jakub Skarek without a rebound.
10:14 of 2nd period - Quinton Byfield wins face-off versus Oliver Wahlstrom in Toronto St Pats zone.
10:39 of 2nd period - Dylan Samberg is hit by Braden Schneider.
10:45 of 2nd period - Snap shot by Austin Watson.
10:45 of 2nd period - Shot Misses the Net.
10:47 of 2nd period - Wrist shot by Jesse Puljujarvi.
10:47 of 2nd period - Shot Misses the Net.
10:49 of 2nd period - Slapshot by Dylan Samberg.
10:49 of 2nd period - Deflect By Quinton Byfield.
10:49 of 2nd period - Goal by Quinton Byfield - Laval Squanderers : 4 - Toronto St Pats : 4.
10:50 of 2nd period - Jake Leschyshyn wins face-off versus Graeme Clarke in neutral zone.
11:23 of 2nd period - Slapshot by Jake Leschyshyn.
11:23 of 2nd period - Shot Blocked by Reese Johnson.
11:25 of 2nd period - Snap shot by Liam Foudy.
11:25 of 2nd period - Shot Misses the Net.
11:33 of 2nd period - Wrist shot by Jake Leschyshyn.
11:33 of 2nd period - Shot Blocked by Lukas Reichel.
11:35 of 2nd period - Wrist shot by Liam Foudy.
11:35 of 2nd period - Shot Misses the Net.
11:37 of 2nd period - Slapshot by Liam Foudy.
11:37 of 2nd period - Shot Misses the Net.
11:39 of 2nd period - Slapshot by Scott Perunovich.
11:39 of 2nd period - Deflect By Lukas Reichel.
11:39 of 2nd period - Stopped by Mads Sogaard with a rebound.
11:48 of 2nd period - Icing by Danila Klimovich.
11:49 of 2nd period - Danila Klimovich wins face-off versus Quinton Byfield in Laval Squanderers zone.
11:58 of 2nd period - Wrist shot by Lukas Reichel.
11:58 of 2nd period - Stopped by Jakub Skarek with a rebound.
12:00 of 2nd period - Backhand shot by Reese Johnson.
12:00 of 2nd period - Shot Misses the Net.
12:02 of 2nd period - Backhand shot by Danila Klimovich.
12:02 of 2nd period - Stopped by Jakub Skarek without a rebound.
12:03 of 2nd period - Graeme Clarke wins face-off versus Rudolfs Balcers in Toronto St Pats zone.
12:12 of 2nd period - Wrist shot by Rudolfs Balcers.
12:12 of 2nd period - Shot Hit the Post.
12:14 of 2nd period - Slapshot by Dylan Samberg.
12:14 of 2nd period - Shot Misses the Net.
12:16 of 2nd period - Backhand shot by Rudolfs Balcers.
12:16 of 2nd period - Shot Misses the Net.
13:04 of 2nd period - Slapshot by Nils Lundkvist.
13:04 of 2nd period - Stopped by Jakub Skarek with a rebound.
13:27 of 2nd period - Minor Penalty to Scott Perunovich for Interference.
13:28 of 2nd period - Graeme Clarke wins face-off versus Jake Leschyshyn in Toronto St Pats zone.
13:38 of 2nd period - Wrist shot by Martin Kaut.
13:38 of 2nd period - Shot Blocked by Jake Leschyshyn.
13:40 of 2nd period - Slapshot by Graeme Clarke.
13:40 of 2nd period - Shot Misses the Net.
13:42 of 2nd period - Wrist shot by Simon Holmstrom.
13:42 of 2nd period - Shot Blocked by Lassi Thomson.
13:44 of 2nd period - Wrist shot by Justin Barron.
13:44 of 2nd period - Goal by Justin Barron - Laval Squanderers : 5 - Toronto St Pats : 4.
13:45 of 2nd period - Graeme Clarke wins face-off versus Quinton Byfield in neutral zone.
13:48 of 2nd period - Austin Watson is hit by Braden Schneider and loses puck.
14:11 of 2nd period - Mackenzie MacEachern is hit by Brad Malone and loses puck.
14:36 of 2nd period - Wrist shot by Liam Foudy.
14:36 of 2nd period - Shot Blocked by Danila Klimovich.
15:02 of 2nd period - Slapshot by Dylan Samberg.
15:02 of 2nd period - Deflect By Ivan Lodnia.
15:02 of 2nd period - Stopped by Mads Sogaard without a rebound.
15:03 of 2nd period - Mark Kastelic wins face-off versus Quinton Byfield in Laval Squanderers zone.
15:19 of 2nd period - Wrist shot by Jesse Puljujarvi.
15:19 of 2nd period - Shot Misses the Net.
15:29 of 2nd period - Mark Kastelic is hit by Jake Leschyshyn and loses puck.
15:38 of 2nd period - Snap shot by Liam Foudy.
15:38 of 2nd period - Stopped by Mads Sogaard with a rebound.
15:40 of 2nd period - Wrist shot by Connor Dewar.
15:40 of 2nd period - Stopped by Mads Sogaard with a rebound.
15:42 of 2nd period - Slapshot by Lucas Carlsson.
15:42 of 2nd period - Stopped by Mads Sogaard with a rebound.
15:58 of 2nd period - Slapshot by Lucas Carlsson.
15:58 of 2nd period - Shot Blocked by Oliver Wahlstrom.
16:00 of 2nd period - Snap shot by Ivan Lodnia.
16:00 of 2nd period - Goal by Ivan Lodnia - Laval Squanderers : 5 - Toronto St Pats : 5.
16:01 of 2nd period - Graeme Clarke wins face-off versus Quinton Byfield in neutral zone.
16:23 of 2nd period - Icing by Austin Watson.
16:24 of 2nd period - Glenn Gawdin wins face-off versus Danila Klimovich in Toronto St Pats zone.
16:24 of 2nd period - Glenn Gawdin is hit by Lukas Reichel.
16:54 of 2nd period - Snap shot by Glenn Gawdin.
16:54 of 2nd period - Shot Misses the Net.
16:56 of 2nd period - Slapshot by Dylan Samberg.
16:56 of 2nd period - Deflect By Alex Green.
16:56 of 2nd period - Stopped by Mads Sogaard with a rebound.
16:58 of 2nd period - Wrist shot by Austin Watson.
16:58 of 2nd period - Shot Blocked by Alex Green.
17:00 of 2nd period - Snap shot by Quinton Byfield.
17:00 of 2nd period - Stopped by Mads Sogaard with a rebound.
17:20 of 2nd period - Slapshot by Graeme Clarke.
17:20 of 2nd period - Stopped by Jakub Skarek without a rebound.
17:21 of 2nd period - Glenn Gawdin wins face-off versus Martin Kaut in Toronto St Pats zone.
17:23 of 2nd period - Minor Penalty to Glenn Gawdin for Hooking.
17:24 of 2nd period - Graeme Clarke wins face-off versus Jake Leschyshyn in Toronto St Pats zone.
18:00 of 2nd period - Snap shot by Oliver Wahlstrom.
18:00 of 2nd period - Shot Misses the Net.
18:56 of 2nd period - Martin Kaut is hit by Dylan Samberg and loses puck.
19:19 of 2nd period - Dylan Samberg is hit by Reese Johnson and loses puck.
19:23 of 2nd period - Penalty to Glenn Gawdin is over, Glenn Gawdin is back on ice.
19:25 of 2nd period - Off-side.
19:26 of 2nd period - Brayden Tracey wins face-off versus Antonio Stranges in neutral zone.
19:38 of 2nd period - Slapshot by Luke Henman.
19:38 of 2nd period - Stopped by Mads Sogaard with a rebound.
19:40 of 2nd period - Slapshot by Lucas Carlsson.
19:40 of 2nd period - Stopped by Mads Sogaard with a rebound.
19:42 of 2nd period - Slapshot by Nikita Okhotyuk.
19:42 of 2nd period - Deflect By Luke Henman.
19:42 of 2nd period - Shot Misses the Net.
19:42 of 2nd period - Puck is out of play.
19:43 of 2nd period - Mark Kastelic wins face-off versus Brad Malone in Laval Squanderers zone.
19:43 of 2nd period - Mark Kastelic is hit by Glenn Gawdin.
19:55 of 2nd period - Wrist shot by Mark Kastelic.
19:55 of 2nd period - Shot Misses the Net.
Goals for this period are 3 for Laval Squanderers vs 4 for Toronto St Pats.
Shots for this period are 16 for Laval Squanderers vs 16 for Toronto St Pats.
3rd period
0:01 of 3rd period - Quinton Byfield wins face-off versus Graeme Clarke in neutral zone.
0:22 of 3rd period - Dylan Samberg and Simon Holmstrom fight to a draw.
0:22 of 3rd period - Penalty to Dylan Samberg for Fighting.
0:22 of 3rd period - Penalty to Simon Holmstrom for Fighting.
0:23 of 3rd period - Quinton Byfield wins face-off versus Graeme Clarke in neutral zone.
0:32 of 3rd period - Snap shot by Austin Watson.
0:32 of 3rd period - Stopped by Mads Sogaard with a rebound.
0:41 of 3rd period - Icing by Kyle Burroughs.
0:42 of 3rd period - Graeme Clarke wins face-off versus Glenn Gawdin in Laval Squanderers zone.
0:46 of 3rd period - Minor Penalty to Rudolfs Balcers for Elbowing.
0:47 of 3rd period - Graeme Clarke wins face-off versus Jake Leschyshyn in Toronto St Pats zone.
1:23 of 3rd period - Slapshot by Braden Schneider.
1:23 of 3rd period - Stopped by Jakub Skarek with a rebound.
1:35 of 3rd period - Icing by Kyle Burroughs.
1:36 of 3rd period - Mark Kastelic wins face-off versus Jake Leschyshyn in Laval Squanderers zone.
1:43 of 3rd period - Slapshot by Kyle Burroughs.
1:43 of 3rd period - Stopped by Jakub Skarek with a rebound.
1:45 of 3rd period - Wrist shot by Mackenzie MacEachern.
1:45 of 3rd period - Stopped by Jakub Skarek without a rebound.
1:46 of 3rd period - Graeme Clarke wins face-off versus Jake Leschyshyn in Toronto St Pats zone.
1:47 of 3rd period - Wrist shot by Martin Kaut.
1:47 of 3rd period - Shot Blocked by Austin Watson.
2:15 of 3rd period - Glenn Gawdin is hit by Mark Kastelic and loses puck.
2:46 of 3rd period - Penalty to Rudolfs Balcers is over, Rudolfs Balcers is back on ice.
2:55 of 3rd period - Off-side.
2:56 of 3rd period - Danila Klimovich wins face-off versus Luke Henman in neutral zone.
3:40 of 3rd period - Slapshot by Brayden Tracey.
3:40 of 3rd period - Goal by Brayden Tracey - Laval Squanderers : 6 - Toronto St Pats : 5.
3:41 of 3rd period - Graeme Clarke wins face-off versus Quinton Byfield in neutral zone.
3:50 of 3rd period - Snap shot by Graeme Clarke.
3:50 of 3rd period - Shot Blocked by Lassi Thomson.
3:52 of 3rd period - Slapshot by Kyle Burroughs.
3:52 of 3rd period - Shot Misses the Net.
3:54 of 3rd period - Slapshot by Braden Schneider.
3:54 of 3rd period - Shot Blocked by Lucas Carlsson.
3:56 of 3rd period - Slapshot by Kyle Burroughs.
3:56 of 3rd period - Stopped by Jakub Skarek with a rebound.
4:50 of 3rd period - Liam Foudy is hit by Alex Green and loses puck.
5:51 of 3rd period - Snap shot by Martin Kaut.
5:51 of 3rd period - Shot Misses the Net.
5:53 of 3rd period - Slapshot by Justin Barron.
5:53 of 3rd period - Shot Misses the Net.
5:55 of 3rd period - Wrist shot by Martin Kaut.
5:55 of 3rd period - Shot Misses the Net.
5:57 of 3rd period - Snap shot by Simon Holmstrom.
5:57 of 3rd period - Shot Misses the Net.
6:43 of 3rd period - Braden Schneider is hit by Ivan Lodnia and loses puck.
6:58 of 3rd period - Snap shot by Rudolfs Balcers.
6:58 of 3rd period - Shot Misses the Net.
8:01 of 3rd period - Pierre-Olivier Joseph is hit by Justin Barron and loses puck.
8:42 of 3rd period - Antonio Stranges is hit by Reese Johnson and loses puck.
9:05 of 3rd period - Snap shot by Martin Kaut.
9:05 of 3rd period - Shot Blocked by Dylan Samberg.
9:33 of 3rd period - Backhand shot by Mark Kastelic.
9:33 of 3rd period - Shot Misses the Net.
10:11 of 3rd period - Snap shot by Oliver Wahlstrom.
10:11 of 3rd period - Stopped by Jakub Skarek with a rebound.
10:31 of 3rd period - Off-side.
10:32 of 3rd period - Quinton Byfield wins face-off versus Graeme Clarke in neutral zone.
10:37 of 3rd period - Kaedan Korczak is hit by Dylan Samberg and loses puck.
11:02 of 3rd period - Slapshot by Jesse Puljujarvi.
11:02 of 3rd period - Stopped by Mads Sogaard with a rebound.
11:08 of 3rd period - Backhand shot by Quinton Byfield.
11:08 of 3rd period - Shot Misses the Net.
11:10 of 3rd period - Snap shot by Jesse Puljujarvi.
11:10 of 3rd period - Shot Misses the Net.
11:12 of 3rd period - Snap shot by Quinton Byfield.
11:12 of 3rd period - Shot Misses the Net.
11:22 of 3rd period - Slapshot by Jesse Puljujarvi.
11:22 of 3rd period - Stopped by Mads Sogaard with a rebound.
11:24 of 3rd period - Wrist shot by Austin Watson.
11:24 of 3rd period - Stopped by Mads Sogaard without a rebound.
11:25 of 3rd period - Mark Kastelic wins face-off versus Glenn Gawdin in Laval Squanderers zone.
11:30 of 3rd period - Rudolfs Balcers is hit by Kyle Burroughs and loses puck.
11:39 of 3rd period - Mackenzie MacEachern is hit by Rudolfs Balcers.
11:40 of 3rd period - Icing by Mackenzie MacEachern.
11:41 of 3rd period - Mark Kastelic wins face-off versus Liam Foudy in Laval Squanderers zone.
12:30 of 3rd period - Kyle Burroughs is hit by Ivan Lodnia and loses puck.
13:17 of 3rd period - Icing by Braden Schneider.
13:18 of 3rd period - Danila Klimovich wins face-off versus Austin Watson in Laval Squanderers zone.
13:18 of 3rd period - Danila Klimovich is hit by Lassi Thomson.
13:24 of 3rd period - Wrist shot by Lukas Reichel.
13:24 of 3rd period - Stopped by Jakub Skarek with a rebound.
13:46 of 3rd period - Slapshot by Kyle Burroughs.
13:46 of 3rd period - Deflect By Mackenzie MacEachern.
13:46 of 3rd period - Stopped by Jakub Skarek with a rebound.
13:48 of 3rd period - Snap shot by Mark Kastelic.
13:48 of 3rd period - Stopped by Jakub Skarek without a rebound.
13:49 of 3rd period - Glenn Gawdin wins face-off versus Mark Kastelic in Toronto St Pats zone.
14:00 of 3rd period - Snap shot by Glenn Gawdin.
14:00 of 3rd period - Goal by Glenn Gawdin - Laval Squanderers : 6 - Toronto St Pats : 6.
14:01 of 3rd period - Mackenzie MacEachern wins face-off versus Quinton Byfield in neutral zone.
14:14 of 3rd period - Nils Lundkvist is hit by Austin Watson and loses puck.
14:39 of 3rd period - Slapshot by Jake Leschyshyn.
14:39 of 3rd period - Shot Hit the Post.
15:40 of 3rd period - Off-side.
15:41 of 3rd period - Connor Dewar wins face-off versus Danila Klimovich in neutral zone.
15:55 of 3rd period - Wrist shot by Connor Dewar.
15:55 of 3rd period - Shot Misses the Net.
15:57 of 3rd period - Snap shot by Connor Dewar.
15:57 of 3rd period - Shot Blocked by Braden Schneider.
16:07 of 3rd period - Quinton Byfield is hit by Kyle Burroughs.
16:35 of 3rd period - Slapshot by Brad Malone.
16:35 of 3rd period - Shot Misses the Net.
16:37 of 3rd period - Snap shot by Glenn Gawdin.
16:37 of 3rd period - Shot Blocked by Kyle Burroughs.
16:47 of 3rd period - Slapshot by Simon Holmstrom.
16:47 of 3rd period - Shot Blocked by Nikita Okhotyuk.
16:49 of 3rd period - Slapshot by Kyle Burroughs.
16:49 of 3rd period - Shot Misses the Net.
16:55 of 3rd period - Snap shot by Mark Kastelic.
16:55 of 3rd period - Stopped by Jakub Skarek with a rebound.
17:09 of 3rd period - Backhand shot by Lukas Reichel.
17:09 of 3rd period - Stopped by Jakub Skarek with a rebound.
17:11 of 3rd period - Wrist shot by Lukas Reichel.
17:11 of 3rd period - Shot Misses the Net.
17:13 of 3rd period - Slapshot by Justin Barron.
17:13 of 3rd period - Stopped by Jakub Skarek without a rebound.
17:14 of 3rd period - Graeme Clarke wins face-off versus Jesse Puljujarvi in Toronto St Pats zone.
17:15 of 3rd period - Snap shot by Martin Kaut.
17:15 of 3rd period - Stopped by Jakub Skarek with a rebound.
18:00 of 3rd period - Icing by Liam Foudy.
18:01 of 3rd period - Jake Leschyshyn wins face-off versus Danila Klimovich in Toronto St Pats zone.
18:06 of 3rd period - Slapshot by Glenn Gawdin.
18:06 of 3rd period - Deflect By Brad Malone.
18:06 of 3rd period - Shot Misses the Net.
18:06 of 3rd period - Puck is out of play.
18:07 of 3rd period - Glenn Gawdin wins face-off versus Danila Klimovich in Laval Squanderers zone.
18:10 of 3rd period - Slapshot by Rudolfs Balcers.
18:10 of 3rd period - Stopped by Mads Sogaard with a rebound.
18:12 of 3rd period - Wrist shot by Dylan Samberg.
18:12 of 3rd period - Shot Blocked by Lukas Reichel.
18:52 of 3rd period - Snap shot by Mike Hardman.
18:52 of 3rd period - Stopped by Jakub Skarek with a rebound.
Goals for this period are 1 for Laval Squanderers vs 1 for Toronto St Pats.
Shots for this period are 14 for Laval Squanderers vs 6 for Toronto St Pats.
Overtime #1
0:01 of 1st overtime period - Jake Leschyshyn wins face-off versus Oliver Wahlstrom in neutral zone.
0:04 of 1st overtime period - Slapshot by Scott Perunovich.
0:04 of 1st overtime period - Shot Misses the Net.
0:06 of 1st overtime period - Snap shot by Jake Leschyshyn.
0:06 of 1st overtime period - Shot Misses the Net.
0:08 of 1st overtime period - Slapshot by Pierre-Olivier Joseph.
0:08 of 1st overtime period - Shot Blocked by Kyle Burroughs.
0:16 of 1st overtime period - Wrist shot by Mark Kastelic.
0:16 of 1st overtime period - Stopped by Jakub Skarek with a rebound.
1:41 of 1st overtime period - Rudolfs Balcers is hit by Reese Johnson.
1:45 of 1st overtime period - Pierre-Olivier Joseph is hit by Reese Johnson and loses puck.
1:52 of 1st overtime period - Nils Lundkvist is hit by Brad Malone.
1:56 of 1st overtime period - Nils Lundkvist is hit by Rudolfs Balcers and loses puck.
2:03 of 1st overtime period - Wrist shot by Rudolfs Balcers.
2:03 of 1st overtime period - Deflect By Brad Malone.
2:03 of 1st overtime period - Stopped by Mads Sogaard with a rebound.
2:05 of 1st overtime period - Wrist shot by Rudolfs Balcers.
2:05 of 1st overtime period - Stopped by Mads Sogaard with a rebound.
2:07 of 1st overtime period - Slapshot by Scott Perunovich.
2:07 of 1st overtime period - Stopped by Mads Sogaard with a rebound.
3:10 of 1st overtime period - Off-side.
3:11 of 1st overtime period - Martin Kaut wins face-off versus Jake Leschyshyn in neutral zone.
3:14 of 1st overtime period - Slapshot by Braden Schneider.
3:14 of 1st overtime period - Stopped by Jakub Skarek with a rebound.
3:53 of 1st overtime period - Luke Henman is hit by Braden Schneider and loses puck.
4:34 of 1st overtime period - Braden Schneider is hit by Dylan Samberg and loses puck.
Goals for this period are 0 for Laval Squanderers vs 0 for Toronto St Pats.
Shots for this period are 2 for Laval Squanderers vs 3 for Toronto St Pats.
ShootOut
5:00 of 1st overtime period - Round #1.
5:00 of 1st overtime period - Laval Squanderers, Oliver Wahlstrom.
5:00 of 1st overtime period - Backhand shot by Oliver Wahlstrom.
5:00 of 1st overtime period - Goal by Oliver Wahlstrom.
5:00 of 1st overtime period - Toronto St Pats, Quinton Byfield.
5:00 of 1st overtime period - Wrist shot by Quinton Byfield.
5:00 of 1st overtime period - Goal by Quinton Byfield.
5:00 of 1st overtime period - Round #2.
5:00 of 1st overtime period - Laval Squanderers, Mark Kastelic.
5:00 of 1st overtime period - Snap shot by Mark Kastelic.
5:00 of 1st overtime period - Stopped by Jakub Skarek.
5:00 of 1st overtime period - Toronto St Pats, Glenn Gawdin.
5:00 of 1st overtime period - Snap shot by Glenn Gawdin.
5:00 of 1st overtime period - Goal by Glenn Gawdin.
5:00 of 1st overtime period - Round #3.
5:00 of 1st overtime period - Laval Squanderers, Martin Kaut.
5:00 of 1st overtime period - Wrist shot by Martin Kaut.
5:00 of 1st overtime period - Stopped by Jakub Skarek.
Back to the Top